 Dungeon Crawl Stone Soup version 0.18-a0-1535-g243bd92 (webtiles) character file.

233 Oddball22 the Stinger (level 6, 0/36 HPs)
             Began as an Octopode Venom Mage on Mar 9, 2016.
             Slain by a giant frog (7 damage)
             ... on level 3 of the Dungeon.
             The game lasted 00:08:53 (3163 turns).

Oddball22 the Stinger (Octopode Venom Mage)         Turns: 3163, Time: 00:08:55

Health: 0/36       AC:  1    Str:  8    XL:     6   Next: 4%
Magic:  8/10       EV: 12    Int: 19    God:
Gold:   135        SH:  0    Dex: 12    Spells: 3 memorised, 5 levels left

rFire  . . .     SeeInvis .     i - +0 short sword (venom)
rCold  . . .     Gourm    .     (no shield)
rNeg   . . .     Faith    .     (helmet restricted)
rPois  .         Spirit   .     (no amulet)
rElec  .         Dismiss  .     (no ring)
rCorr  .         Reflect  .     (no ring)
SustAt .         Harm     .     (no ring)
MR     .....                    (no ring)
Stlth  +++.......               (no ring)
                                (no ring)
                                (no ring)
                                (no ring)

@: not resistant to hostile enchantments, fairly stealthy
A: almost no armour, amphibious, 8 rings, constrict 8, camouflage 1, gelatinous
body 1
a: no special abilities


You were on level 3 of the Dungeon.
You were not hungry.

You visited 1 branch of the dungeon, and saw 3 of its levels.

You collected 135 gold pieces.

Inventory:

Hand Weapons
 i - a +0 short sword of venom (weapon)
 p - a +0 vampiric dagger
 r - a +4 hand axe
Jewellery
 h - an uncursed ring of protection from cold
Scrolls
 k - a scroll of blinking
 m - 2 scrolls of teleportation {unknown}
 q - 2 scrolls of remove curse {unknown}
Potions
 d - a potion of curing {unknown}
 e - a potion of flight {unknown}
 g - a potion of brilliance
 l - a potion of invisibility
 n - a potion of lignification {unknown}
 o - a potion of might {unknown}
Books
 a - a Young Poisoner's Handbook

   Spells                             Type                      Level
   a - Sting                          Conjuration/Poison           1
   b - Cure Poison                    Poison                       2
   c - Mephitic Cloud                 Conjuration/Poison/Air       3
   d - Olgreb's Toxic Radiance        Poison                       4
   e - Venom Bolt                     Conjuration/Poison           5
Comestibles
 b - a bread ration
 c - a meat ration
 f - 4 beef jerkies
 j - 6 chunks of flesh


   Skills:
 - Level 2.0 Dodging
 - Level 2.6 Stealth
 * Level 3.3 Spellcasting
 + Level 2.3 Conjurations
 + Level 1.5 Air Magic
 + Level 6.6 Poison Magic


You had 5 spell levels left.
You knew the following spells:

 Your Spells              Type           Power        Failure   Level  Hunger
a - Sting                 Conj/Pois      ###.         2%          1    None
b - Cure Poison           Pois           ####......   1%          2    ##.....
c - Mephitic Cloud        Conj/Pois/Air  ###.....     12%         3    ###....


Dungeon Overview and Level Annotations

Branches:
Dungeon (3/15)

Altars:


Innate Abilities, Weirdness & Mutations

You cannot wear most types of armour.
You are amphibious.
You can wear up to eight rings at the same time.
You can use your tentacles to constrict eight enemies at once.
Your skin changes colour to match your surroundings (Stealth).
Your rubbery body absorbs attacks (AC +1).


Message History

The helpless giant frog fails to defend itself.
You hit the giant frog.
The giant frog is poisoned.
You grab the giant frog. You squeeze the giant frog.
The giant frog is moderately wounded.
You constrict the giant frog. The giant frog hits you! x2
You hit the giant frog but do no damage.
The giant frog is moderately wounded.
You constrict the giant frog. The bat hits you. The giant frog hits you.
The giant frog hits you!
You barely miss the giant frog.
The giant frog is heavily wounded.
You constrict the giant frog. The bat hits you but does no damage.
The giant frog closely misses you.
You completely miss the giant frog.
The giant frog is severely wounded.
You constrict the giant frog. The bat closely misses you.
The giant frog hits you.
* * * LOW HITPOINT WARNING * * *
The giant frog hits you!
You die...

.# .. .## . ..
#. .###
#..#####b.. .
#.......F###...
#......@.......
.......<.####.#
#....###.# ....
.# .(. .# #. .#
# .# .# .#


You could see a giant frog and a bat.

Vanquished Creatures
  Sigmund (D:2)
  3 adders (D:2)
  An ooze (D:1)
  A giant gecko (D:2)
  An orc (D:2)
  2 giant cockroaches (D:2)
  7 goblins
  7 hobgoblins
  6 jackals
  4 kobolds
  9 bats
  2 giant newts
  4 rats
48 creatures vanquished.

Notes
Turn   | Place    | Note
--------------------------------------------------------------
     0 | D:1      | Oddball22 the Octopode Venom Mage began the quest for the Orb.
     0 | D:1      | Reached XP level 1. HP: 11/11 MP: 3/3
    43 | D:1      | Reached skill level 5 in Poison Magic
    55 | D:1      | You fall through a shaft!
   189 | D:2      | Reached XP level 2. HP: 17/17 MP: 0/5
   538 | D:1      | Reached XP level 3. HP: 21/21 MP: 2/6
   542 | D:1      | Reached skill level 1 in Conjurations
   984 | D:1      | Reached skill level 6 in Poison Magic
  1169 | D:1      | Learned a level 2 spell: Cure Poison
  1234 | D:2      | Noticed Sigmund
  1384 | D:2      | Learned a level 3 spell: Mephitic Cloud
  2150 | D:2      | Reached XP level 4. HP: 15/27 MP: 7/7
  2708 | D:2      | Killed Sigmund
  2708 | D:2      | Reached skill level 1 in Air Magic
  2708 | D:2      | Reached XP level 5. HP: 14/31 MP: 1/9
  3120 | D:2      | Reached XP level 6. HP: 34/36 MP: 6/10
  3163 | D:3      | Slain by a giant frog

Vault maps used:
D:1:      dpeg_arrival_water_fire, st_stairs_14
D:2:      uniq_sigmund
D:3:      kennysheep_small_spiral

Skill      XL: |  1  2  3  4 |
---------------+-------------+-----
Poison Magic   | 5 6 |  6.6
Conjurations   | 1 2 |  2.3
Spellcasting   | 3 |  3.3
Air Magic      | 1 |  1.5
Dodging        | |  2.0
Stealth        | |  2.6

Action                   |  1- 3 |  4- 6 || total
-------------------------+-------+-------++-------
Melee: Dagger            |    28 |       ||    28
       Unarmed           |     1 |       ||     1
       Short sword       |    18 |    32 ||    50
 Cast: Sting             |    48 |    17 ||    65
  Use: Scroll            |     3 |       ||     3
       Potion            |       |     2 ||     2
 Stab: Sleeping          |     7 |     2 ||     9
  Eat: Chunk             |     4 |     4 ||     8
